 Dungeon Crawl Stone Soup version 0.30.0-5-g1a98f26d00 (webtiles) character file.

Game seed: 4194797494726761082

44 Dordric the Magician (level 3, -2/28 HPs)
             Began as a Djinni Hexslinger on May 12, 2023.
             Slain by a goblin
             ... wielding a +2 dagger of venom
             ... led by Robin
              (4 damage)
             ... on level 2 of the Dungeon.
             The game lasted 00:01:39 (1020 turns).

Dordric the Magician (Djinni Hexslinger)            Turns: 1020, Time: 00:01:39

Health: -2/28      AC:  3    Str:  9    XL:     3   Next: 87%
Gold:   35         EV: 12    Int: 14    God:
                   SH:  0    Dex: 15

rFire   + + .        a - +1 sling
rCold   . . .        (no shield)
rNeg    . . .        f - +0 leather armour
rPois   ∞            (no helmet)
rElec   .            (no cloak)
rCorr   .            (no gloves)
SInv    .            (boots unavailable)
Will    .....        (no amulet)
Stlth   +            i - ring of protection from cold
HPRegen 0.24/turn    (no ring)
MPRegen 0.00/turn

%: infuse magic (-3 HP)
@: weak-willed, flying
A: sickness immunity, fire resistance 2, cold vulnerability 1, float, innate
caster, HP casting, extra vitality 1
a: no special abilities


You were on level 2 of the Dungeon.
You visited 1 branch of the dungeon, and saw 2 of its levels.

You collected 35 gold pieces.

Inventory:

Hand Weapons
 a - a +1 sling (weapon)
Armour
 c - a +0 robe
 f - a +0 leather armour (worn)
Jewellery
 i - a ring of protection from cold (left hand)
Scrolls
 d - a scroll of amnesia
 e - a scroll of teleportation
 g - 2 scrolls of identify
 k - 3 scrolls of vulnerability
Potions
 h - 2 potions of lignification {unknown}
 j - a potion of curing {unknown}
 m - a potion of mutation {unknown}
 n - a potion of haste {unknown}


   Skills:
 + Level 2.1 Fighting
 + Level 2.2 Ranged Weapons
 - Level 2.1 Dodging
 + Level 2.8 Spellcasting


You knew the following spells:

 Your Spells              Type           Power      Damage    Failure   Level
a - Slow                  Hex            36%        N/A       10%         1
b - Inner Flame           Hex/Fire       9%         N/A       28%         3
c - Portal Projectile     Hex/Tloc       18%        N/A       28%         3
d - Cause Fear            Hex            4%         N/A       67%         4
e - Magic Dart            Conj           36%        1d4       10%         1
Your spell library was empty.

Dungeon Overview and Level Annotations

Branches:
Dungeon (2/15)

Altars:

Annotations:
D:2 Robin


Innate Abilities, Weirdness & Mutations

You are immune to sickness and miasma.
You are immune to poison.
Your flesh is very heat resistant. (rF++)
You are vulnerable to cold. (rC-)
You float through the air rather than walking.
You learn spells naturally, not from books.
Your magical power is your life essence.
You have superior vitality. (+4 MHP)


Message History

The goblin shouts!
A hobgoblin comes into view.
The goblin hits you with a +0 dagger.
Robin roars a battlecry!
The goblins go into a battle-frenzy!
You hear a shout!
You shoot a sling bullet. The sling bullet hits the goblin.
You kill the goblin!
The goblin misses you. Robin throws the goblin at you!
You shoot a sling bullet. The sling bullet hits the goblin!
You kill the goblin!
The goblin hits you but does no damage.
A hobgoblin comes into view.
Robin throws the goblin at you! The goblin hits you with a +0 club.
A goblin comes into view. It is wielding a +0 club.
You shoot a sling bullet.
The sling bullet closely misses the goblin.
The goblin shouts!
The goblin hits you with a +2 dagger of venom.
The goblin barely misses you.
Unknown command.
The air fills with toxic fumes!
As you read the scroll of poison, it crumbles to dust.
Robin roars a battlecry!
The hobgoblin goes into a battle-frenzy!
The goblin hits you with a +2 dagger of venom!
The goblin hits you with a +0 club.
* * * LOW HITPOINT WARNING * * *
As you read the scroll labelled TEXZIJAUGE, it crumbles to dust.
Magic quickly surges around you.
It was a scroll of vulnerability.
The goblin hits you with a +2 dagger of venom.
* * * LOW HITPOINT WARNING * * *
The goblin hits you with a +0 club.
* * * LOW HITPOINT WARNING * * *
As you read the scroll labelled LUSIOBIMIU, it crumbles to dust.
You feel a surge of unholy energy.
The goblin convulses! x3
The hobgoblin convulses!
Robin convulses!
The goblin convulses!
It was a scroll of torment.
The goblin hits you with a +2 dagger of venom.
You die...

######### #.......# ##
#.......## §§§
#........# §§##
#..([....# §§§g§
######+#§######g.§§#§
#§§§§§§g@gg.§§g§
#######§##########§§
#.......# ##.
#.######### .. #.#
#.....# ##.# #.#
#.....# #.. #.# #.....#
#.#######
#.###.....#####>.......
#................# ###


You could see Robin (weak-willed), a hobgoblin (strong, weak-willed) and 4
goblins.

Vanquished Creatures
  A dart slug (D:1)
  3 ball pythons (D:1)
  4 endoplasms
  A giant cockroach (D:1)
  5 goblins
  7 hobgoblins
  3 jackals (D:2)
  2 kobolds (D:1)
  A quokka (D:2)
  3 bats (D:1)
  5 frilled lizards (D:1)
  3 rats
38 creatures vanquished.

Notes
Turn   | Place    | Note
-------+----------+-------------------------------------------
     0 | D:1      | Dordric the Djinni Hexslinger began the quest for the Orb.
     0 | D:1      | Dordric set off with the following spells memorised: Slow,
                  | Inner Flame, Portal Projectile, Cause Fear.
     0 | D:1      | Reached XP level 1. HP: 17/17 MP: 0/0
   138 | D:1      | Reached XP level 2. HP: 22/22 MP: 0/0
   322 | D:1      | Reached XP level 3. HP: 27/28 MP: 0/0
   322 | D:1      | Learned a level 1 spell: Magic Dart
   576 | D:1      | Found a faded altar of an unknown god.
  1010 | D:2      | Noticed Robin
  1020 | D:2      | Slain by a goblin

Illustrated notes

Levels and vault maps discovered:
D:1:      dpeg_arrival_simpleton_b, layout_rooms,
          chequers_ecumenical_altar_island, minmay_misc_feat_plants
D:2:      layout_basic, uniq_robin, uniq_jessica

Skill      XL: |  1  2  3 |
---------------+----------+-----
Ranged Weapons | 2 |  2.2
Fighting       | 2 |  2.1
Dodging        | |  2.1
Spellcasting   | |  2.8

Action                     || total
---------------------------++-------
   Fire: Sling             ||   123
   Cast: Slow              ||     8
    Use: Scroll            ||     5
 Armour: Leather armour    ||    20
  Dodge: Dodged            ||    56
